 Dungeon Crawl Stone Soup version 0.31-a0-237-g2d982f9f85 (webtiles) character file.

Game seed: 8738189205342944193

494 qw the Shooter (level 6, -10/52 HPs)
             Began as a Minotaur Hexslinger on July 10, 2023.
             Was an Initiate of Okawaru.
             Mangled by an ogre
             ... wielding a +0 giant spiked club
              (26 damage)
             ... on level 4 of the Dungeon.
             The game lasted 00:01:32 (3846 turns).

qw the Shooter (Minotaur Hexslinger)                Turns: 3846, Time: 00:01:33

Health: -10/52     AC: 10    Str: 13    XL:     6   Next: 92%
Magic:  6/6        EV: 11    Int: 10    God:    Okawaru [......]
Gold:   263        SH:  0    Dex: 14    Spells: 6/7 levels left

rFire   + . .        Y - +1 sling
rCold   . . .        (no shield)
rNeg    . . .        j - +0 ring mail
rPois   .            (helmet restricted)
rElec   .            o - +0 cloak
rCorr   .            (no gloves)
SInv    .            (no boots)
Will    .....        c - amulet of the acrobat
Stlth   +            d - ring of protection from fire
HPRegen 0.28/turn    g - +4 ring of protection
MPRegen 0.10/turn

%: acrobat
@: no status effects
A: horns 2, retaliatory headbutt
a: Renounce Religion


You were on level 4 of the Dungeon.
You worshipped Okawaru.
Okawaru was noncommittal.
You visited 2 branches of the dungeon, and saw 5 of its levels.

You collected 263 gold pieces.


Innate Abilities, Weirdness & Mutations

You have a pair of horns on your head.
You reflexively headbutt those who attack you in melee.


   Skills:
 - Level 4.2 Fighting
 + Level 7.2 Ranged Weapons
 - Level 1.1 Armour
 - Level 2.1 Dodging
 - Level 1.0 Spellcasting
 - Level 2.0 Hexes


You had 6 spell levels left.
You knew the following spells:

 Your Spells              Type           Power      Damage    Failure   Level
a - Slow                  Hex            16%        N/A       32%         1

Your spell library contained the following spells:

 Spells                   Type           Power      Damage    Failure   Level
 Inner Flame              Hex/Fire       2%         N/A       82%         3
 Portal Projectile        Hex/Tloc       4%         N/A       82%         3
 Cause Fear               Hex            2%         N/A       97%         4

Inventory:

Hand Weapons
 Y - a +1 sling (weapon)
Armour
 j - a +0 ring mail (worn)
 o - a +0 cloak (worn)
Jewellery
 c - an amulet of the acrobat (around neck)
 d - a ring of protection from fire (left hand)
 g - a +4 ring of protection (right hand)
Scrolls
 h - a scroll of identify
Potions
 a - a potion of berserk rage {unknown}
 b - a potion of resistance
 e - a potion of curing {unknown}
 f - a potion of might {unknown}
 i - a potion of mutation {unknown}
 k - 2 potions of enlightenment
 l - a potion of attraction {unknown}
 m - a potion of cancellation {unknown}
 n - a potion of lignification {unknown}

Dungeon Overview and Level Annotations

Branches:
Dungeon (4/15)             Temple (1/1) D:4

Altars:
Ashenzari
Cheibriados
Dithmenos
Elyvilon
Fedhas
Gozag
Hepliaklqana
Kikubaaqudgha
Nemelex Xobeh
Okawaru
Qazlal
Ru
Sif Muna
Trog
Uskayaw
Vehumet
Wu Jian
Xom
Yredelemnul
Zin
The Shining One


Message History

You now have 242 gold pieces (gained 17).
You now have 256 gold pieces (gained 14).
You now have 263 gold pieces (gained 7).
There is an open door, spattered with blood here.
Things that are here:
a +0 dagger; a +0 robe; an orc corpse An ogre comes into view.
It is wielding a +0 giant spiked club.
The ogre shouts!
Enter note:
Enter note:
Enter note:
Enter note:
Enter note:
Enter note: You shoot a sling bullet.
The sling bullet closely misses the ogre.
You shoot a sling bullet. The sling bullet hits the ogre.
The ogre is lightly wounded.
You shoot a sling bullet. The sling bullet hits the ogre.
The ogre is moderately wounded.
You shoot a sling bullet. The sling bullet hits the ogre.
The ogre is heavily wounded.
The ogre hits you with a +0 giant spiked club!
You shoot a sling bullet. The sling bullet hits the ogre.
The ogre is heavily wounded.
The ogre closely misses you.
You shoot a sling bullet. The sling bullet hits the ogre.
The ogre is severely wounded.
The ogre hits you with a +0 giant spiked club!!
You shoot a sling bullet.
The sling bullet barely misses the ogre.
You shoot a sling bullet.
The sling bullet barely misses the ogre.
The ogre misses you.
You shoot a sling bullet.
The sling bullet hits the ogre but does no damage.
The ogre is severely wounded.
The ogre hits you with a +0 giant spiked club!!
Ouch! That really hurt!
You die...

####### #.......
#)....# #.......
##)###.# #.......
##...##.# #......>
#.8.8.#.# #.......
#.....#.##### #[......
#.8.8.#.....# ####.###
##._.##.....#######.#
#####@.........##..###
#....O...........>.....
#.........<..........##
#####.......#.####.....
#.......#.####.#...
#....[.............
#.......#.####.####
#.......#.##...# #
###.#####.#..######


You could see an ogre.

Vanquished Creatures
  A sky beast (D:3)
  A scorpion (D:1)
  A vampire bat (D:4)
  An orc priest (D:4)
  Terence (D:3)
  An iguana (D:4)
  Ijyb (D:3)
  2 orc wizards (D:4)
  5 adders
  2 worms (D:2)
  2 dart slugs
  6 orcs
  8 ball pythons
  3 endoplasms
  6 giant cockroaches
  7 goblins
  9 hobgoblins
  3 jackals (D:2)
  3 quokkas
  15 bats
  2 frilled lizards
  11 kobolds
  3 rats
94 creatures vanquished.

Notes
Turn   | Place    | Note
-------+----------+-------------------------------------------
     0 | D:1      | qw the Minotaur Hexslinger began the quest for the Orb.
     0 | D:1      | Reached XP level 1. HP: 16/16 MP: 1/1
     0 | D:1      | 0 ||| qw: Version: 0.3-a-52-g30416fa
     0 | D:1      | 0 ||| qw: Game counter: 5049
     0 | D:1      | 0 ||| qw: Melee chars always use a shield: true
     0 | D:1      | 0 ||| qw: God list: Okawaru
     0 | D:1      | 0 ||| qw: Allow faded altars: false
     0 | D:1      | 0 ||| qw: Do Orc after clearing Dungeon:15 true
     0 | D:1      | 0 ||| qw: Do second Lair branch before Depths: true
     0 | D:1      | 0 ||| qw: Lair rune preference: random
     0 | D:1      | 0 ||| qw: Goals: Normal
     0 | D:1      | 0 ||| PLANNING D:1-11
    25 | D:1      | 25 ||| FLEEEEING.
    26 | D:1      | 26 ||| FLEEEEING.
    30 | D:1      | 30 ||| FLEEEEING.
    34 | D:1      | 34 ||| FLEEEEING.
   170 | D:1      | Reached skill level 3 in Ranged Weapons
   171 | D:1      | Reached XP level 2. HP: 23/23 MP: 2/2
   538 | D:1      | 538 ||| UPGRADING to +0 ring mail.
   548 | D:1      | 548 ||| DROPPING +0 robe.
   549 | D:1      | 549 ||| READING scroll labelled OGIXUDGH UTIDDO.
   650 | D:1      | 650 ||| READING scroll labelled SISOFY MELAL.
   651 | D:1      | 651 ||| READING scroll labelled ZIPEON HACAYNE.
   652 | D:1      | 652 ||| READING 2 scrolls labelled BIEHYSCH DAEPP.
   653 | D:1      | 653 ||| READING scroll labelled IGRUNA XEMEB.
   654 | D:1      | 654 ||| DROPPING scroll of poison.
   696 | D:2      | Noticed a scorpion
   701 | D:2      | 701 ||| STAIRDANCE
   705 | D:1      | HP: 5/24 [poisoned by a scorpion]
   706 | D:1      | Killed a scorpion
   707 | D:1      | Reached skill level 4 in Ranged Weapons
   707 | D:1      | Reached XP level 3. HP: 5/29 MP: 3/3
   707 | D:1      | Reached XP level 4. HP: 7/36 MP: 4/4
   903 | D:2      | Found a bloodstained altar of Trog.
  1009 | D:2      | Reached skill level 1 in Armour
  1176 | D:2      | Reached skill level 5 in Ranged Weapons
  1738 | D:2      | Reached skill level 3 in Fighting
  1738 | D:2      | Reached XP level 5. HP: 39/45 MP: 5/5
  1945 | D:2      | 1945 ||| UPGRADING to amulet of the acrobat.
  1950 | D:2      | 1950 ||| UPGRADING to ring of protection from fire.
  1951 | D:2      | 1951 ||| UPGRADING to +4 ring of protection.
  1952 | D:2      | 1952 ||| READING scroll labelled ONACADW UMUE.
  1953 | D:2      | 1953 ||| READING 2 scrolls of identify.
  1953 | D:2      | 1953 ||| IDENTIFYING fuming coppery potion
  2010 | D:3      | Found an ornate altar of the Wu Jian Council.
  2060 | D:3      | Noticed Terence
  2075 | D:3      | Killed Terence
  2506 | D:3      | Noticed a sky beast
  2522 | D:3      | Killed a sky beast
  2523 | D:3      | Reached skill level 6 in Ranged Weapons
  2523 | D:3      | Reached XP level 6. HP: 37/51 MP: 6/6
  2581 | D:3      | Noticed Ijyb
  2598 | D:3      | Killed Ijyb
  2797 | D:3      | Found a sacrificial altar of Ru.
  2992 | D:3      | 2992 ||| UPGRADING to +0 cloak.
  2997 | D:3      | 2997 ||| DRINKING 3 pink potions.
  3207 | D:4      | Found a staircase to the Ecumenical Temple.
  3208 | D:4      | 3208 ||| PLANNING TEMPLE
  3216 | Temple   | Entered the Ecumenical Temple
  3253 | Temple   | 3253 ||| PLANNING OKAWARU WORSHIP
  3423 | Temple   | Became a worshipper of Warmaster Okawaru
  3424 | Temple   | 3424 ||| PLANNING D:1-11
  3618 | D:4      | 3618 ||| Stepping ~*~*~tactically~*~*~ (outnumbered).
  3637 | D:4      | Reached skill level 7 in Ranged Weapons
  3648 | D:4      | HP: 12/51 [something (4)]
  3653 | D:4      | HP: 8/51 [something/magic dart (2)]
  3846 | D:4      | Mangled by an ogre

Levels and vault maps discovered:
D:1:      dpeg_arrival_short_road, layout_rooms
D:2:      minmay_alternating_diamond, layout_basic, basic_altar, serial_curves,
          eino_curves_02, eino_curves_02, eino_curves_03
D:3:      layout_loops_ring, nzn_wu_jian_contemplation,
          nicolae_ru_the_path_less_chosen, uniq_terence, uniq_ijyb
D:4:      layout_rooms, temple_fountains, roderic_batcave, kennysheep_orc_chapel
Temple:   nicolae_temple_bog_church

Skill      XL: |  1  2  3  4  5  6 |
---------------+-------------------+-----
Ranged Weapons | 3 4 5 6 7 |  7.2
Fighting       | 2 3 4 |  4.2
Armour         | 1 |  1.1
Dodging        | |  2.1
Spellcasting   | |  1.0
Hexes          | |  2.0

Action                     |  1- 3 |  4- 6 || total
---------------------------+-------+-------++-------
   Fire: Sling             |    75 |   302 ||   377
    Use: Scroll            |     5 |     2 ||     7
         Potion            |       |     1 ||     1
 Armour: Robe              |     8 |       ||     8
         Ring mail         |     2 |   104 ||   106
  Dodge: Dodged            |    22 |   120 ||   142

Table legend:
 A = Non-vault XP
 B = Vault XP
 C = Vault XP percentage of total XP
 D = Non-vault monster count
 E = Vault monster count
 F = Vault count percentage of total count
                 A         B        C        D         E       F
            +---------+---------+-------+---------+---------+-------
      Total |     447 |     259 |  36.7 |      76 |      18 |  19.1
            +---------+---------+-------+---------+---------+-------
        D:1 |     112 |       0 |   0.0 |      20 |       0 |   0.0
        D:2 |      89 |       7 |   7.3 |      25 |       4 |  13.8
        D:3 |     192 |      71 |  27.0 |      22 |       2 |   8.3
        D:4 |      54 |     181 |  77.0 |       9 |      12 |  57.1
            +---------+---------+-------+---------+---------+-------
